 Dungeon Crawl Stone Soup version 0.23.1 (webtiles) character file.

Game seed: 18004899985475797929

158 Borgoz the Sneak (level 5, -3/38 HPs)
             Began as a Ghoul Enchanter on Mar 14, 2019.
             Slain by Duvessa
             ... wielding a +0 short sword
              (7 damage)
             ... on level 4 of the Dungeon.
             The game lasted 00:05:10 (2436 turns).

Borgoz the Sneak (Ghoul Enchanter)                  Turns: 2436, Time: 00:05:10

Health: -3/38      AC:  7    Str: 12    XL:     5   Next: 39%
Magic:  3/7        EV: 16    Int: 10    God:
Gold:   212        SH:  0    Dex: 15    Spells: 2/8 levels left

rFire    . . .     SeeInvis .   a - +2 dagger
rCold    + . .     Gourm    .   (no shield)
rNeg     + + +     Faith    .   h - +0 ring mail
rPois    ∞         Spirit   .   (no helmet)
rElec    .         Reflect  .   (no cloak)
rCorr    .         Harm     .   i - +1 pair of gloves
MR       .....                  (no boots)
Stlth    +++.......             (no amulet)
HPRegen  0.00/turn              (no ring)
MPRegen  0.10/turn              (no ring)

@: agile, very slightly contaminated, rotting
A: rotting body, claws 1, carnivore, cold resistance 1, negative energy
resistance 3, inhibited regeneration, torment resistance, unbreathing
a: no special abilities


You were on level 4 of the Dungeon.
You were not hungry.

You visited 1 branch of the dungeon, and saw 4 of its levels.

You collected 212 gold pieces.

Inventory:

Hand Weapons
 a - a +2 dagger (weapon)
Missiles
 g - a throwing net (quivered)
Armour
 h - a +0 ring mail (worn)
 i - a +1 pair of gloves (worn)
Scrolls
 c - a scroll of immolation {unknown}
 e - a scroll of enchant weapon
 f - a scroll of enchant armour {unknown}
 j - 2 scrolls of identify {unknown}
 k - a scroll of remove curse {unknown}
 m - a scroll of noise {unknown}
Comestibles
 d - 5 rations


   Skills:
 + Level 2.0 Short Blades
 + Level 1.3 Armour
 + Level 2.5 Dodging
 + Level 4.1 Stealth
 + Level 2.4 Spellcasting
 + Level 3.0 Hexes


You had 2 spell levels left.
You knew the following spells:

 Your Spells              Type           Power        Failure   Level  Hunger
a - Corona                Hex            #......      19%         1    ##.....
b - Ensorcelled Hibernat  Hex/Ice        #.....       47%         2    ###....
c - Confuse               Hex            #.......     50%         3    ####...

Your spell library contained the following spells:

 Spells                   Type           Power        Failure   Level  Hunger
 Tukima's Dance           Hex            #.......     50%         3    ####...
 Dazzling Spray           Conj/Hex       #.....       71%         3    ####...


Dungeon Overview and Level Annotations

Branches:
Dungeon (4/15)
 Temple: D:4-7

Altars:
Zin

Annotations:
D:2 Sigmund
D:4 Dowan, Duvessa


Innate Abilities, Weirdness & Mutations

Your body is rotting away.
You thrive on raw meat.
You are immune to poison.
You have sharp fingernails.
You are carnivorous and can eat meat at any time.
Your flesh is cold resistant. (rC+)
You are immune to negative energy. (rN+++)
You do not regenerate when monsters are visible.
You are immune to unholy pain and torment.
You can survive without breathing.


Message History

* * * LOW HITPOINT WARNING * * *
Duvessa hits you with a +0 short sword!
* * * LOW HITPOINT WARNING * * *
All of the chunks of flesh in your inventory have rotted away.
Okay, then.
You feel better. Duvessa barely misses you.
You hit Duvessa.
Duvessa is almost dead.
Duvessa hits you with a +0 short sword.
* * * LOW HITPOINT WARNING * * *
Duvessa hits you but does no damage.
You barely miss Duvessa.
Duvessa is almost dead.
Dowan casts a spell at you. You resist with some effort. Duvessa misses you.
Unknown command.
You hit Duvessa.
Duvessa is almost dead.
Duvessa hits you with a +0 short sword!
You die...

#.....########.
#............#.
##...>.######. .
.........##
#######.......#
.....#........##
.......#####...#
#...#...#...#
#@e#.[.#....#
#e..#...#..## .
#...#####.## ..
#.........# ..
#...#...#.# .§
#.###.###.#
.#.#. #.# # #.#
......####.# #.#
#........#


You could see Duvessa and Dowan.

Vanquished Creatures
  A hound (D:3)
  5 adders
  4 oozes
  2 worms
  3 dart slugs
  A leopard gecko (D:2)
  An orc (D:3)
  2 bats
  2 giant cockroaches (D:3)
  3 goblins
  9 hobgoblins
  3 quokkas
  2 ball pythons
  3 frilled lizards
  A jackal skeleton (D:4)
  7 kobolds
  8 rats
57 creatures vanquished.

Notes
Turn   | Place    | Note
-------+----------+-------------------------------------------
     0 | D:1      | Borgoz the Ghoul Enchanter began the quest for the Orb.
     0 | D:1      | Reached XP level 1. HP: 14/14 MP: 2/2
   100 | D:1      | Reached skill level 1 in Short Blades
   176 | D:1      | Reached XP level 2. HP: 20/20 MP: 3/3
   734 | D:1      | Reached XP level 3. HP: 10/26 MP: 5/5
  1246 | D:2      | Found a glowing silver altar of Zin.
  1314 | D:2      | Reached XP level 4. HP: 13/33 MP: 6/6
  1419 | D:2      | Reached skill level 1 in Armour
  1677 | D:2      | Noticed Sigmund
  2137 | D:4      | Reached XP level 5. HP: 38/38 MP: 7/7
  2181 | D:4      | Noticed Duvessa
  2181 | D:4      | Noticed Dowan
  2202 | D:3      | Reached skill level 4 in Stealth
  2299 | D:3      | Learned a level 2 spell: Ensorcelled Hibernation
  2303 | D:3      | Learned a level 3 spell: Confuse
  2432 | D:4      | HP: 1/38 [Duvessa/+0 short sword (7)]
  2436 | D:4      | Slain by Duvessa

Skill      XL: |  1  2  3  4  5 |
---------------+----------------+-----
Short Blades   | 1 2 |  2.0
Dodging        | 2 |  2.5
Spellcasting   | 2 |  2.4
Armour         | 1 |  1.3
Stealth        | 4 |  4.1
Hexes          | 3 |  3.0

Action                   |  1- 3 |  4- 6 || total
-------------------------+-------+-------++-------
Melee: Dagger            |   167 |   174 ||   341
 Cast: Corona            |       |     1 ||     1
       Ensorcelled Hiber |       |     2 ||     2
  Use: Potion            |     1 |     3 ||     4
       Scroll            |       |     3 ||     3
 Stab: Sleeping          |     3 |     4 ||     7
  Eat: Chunk             |    17 |     8 ||    25
Armor: Robe              |    15 |       ||    15
       Ring mail         |    17 |    61 ||    78
Dodge: Dodged            |    96 |    90 ||   186
